[Event "*** Titled Tuesday 3|2 Blitz"]
[Site "Chess.com"]
[Date "2017.03.07"]
[Round "10"]
[White "pKiLz5Rn9b"]
[Black "GMMarcinDziuba"]
[Result "1-0"]
[WhiteElo "2557"]
[BlackElo "2468"]
[TimeControl "180+2"]
[EndTime "15:23:19 PST"]
[Termination "pKiLz5Rn9b won by resignation"]

1. d4 Nf6 2. Nf3 g6 3. g3 Bg7 4. Bg2 O-O 5. O-O d6 6. a4 a5 7.
Nc3 Nbd7 8. e4 c6 9. Re1 e5 10. Be3 Re8 11. h3 b6 12. Nd2 Qc7 13. Nc4 Ba6 14. Nd2 Rad8 15. Nb3 exd4 16. Bxd4 Ne5 17. f4 Nc4 18. Rb1 h5 19. Qf3 Bb7 20. Qf2 c5 21. Bxf6 Bxf6 22. Nb5 Qb8 23. c3 d5 24. e5 Bg7 25. Rbd1 Bc6 26. Nc1 Bxb5 27. axb5 d4 28. Bf1 Ne3 29. Rd3 g5 30. Rdxe3 dxe3 31. Rxe3 h4 32. Ne2 hxg3 33. Qxg3 gxf4 34. Nxf4 Rxe5 35. Rf3 Qd6 36. Kh1 Qd1 37. Qg4 f5 38. Qg3 Re3 39.
Rxe3 Qxf1+ 40. Kh2 Rd2+ 41. Ng2 f4 42. Re8+ Kf7 43.
Re7+ Kxe7 44. Qxg7+ Ke6 45. Qg8+ Kf5 46. Qh7+ Kf6 47.
Qh8+ Ke6 48. Qe8+ Kf6 49. Qh8+ Ke7 50. Qg7+ Kd8 51. Qf6+ Kc7 52. Qc6+ Kd8 53. Qxb6+ Kd7 54. Qb7+ Ke6 55. Qc8+ Kd5 56. Qd7+ Ke4 57. Qxd2 f3 58.
Qf4+ Kd3 59. Qxf3+ 1-0

[Event "*** Titled Tuesday 3|2 Blitz"]
[Site "Chess.com"]
[Date "2017.03.07"]
[Round "10"]
[White "Zhani-Z"]
[Black "Tash_Boy"]
[Result "1-0"]
[WhiteElo "2345"]
[BlackElo "2489"]
[TimeControl "180+2"]
[EndTime "15:23:31 PST"]
[Termination "Zhani-Z won by resignation"]

1. e4 e5 2. Nf3 Nc6 3. d4 exd4 4.
Bc4 Nf6 5. e5 d5 6. Bb5 Ne4 7.
Nxd4 Bd7 8. Bxc6 bxc6 9. O-O Be7 10. f3 Nc5 11. c3 O-O 12. Be3 Ne6 13. Nf5 Bc5 14.
Bxc5 Nxc5 15. Nd4 Ne6 16. Nd2 c5 17. Nxe6 fxe6 18. Qe2 Rb8 19. b3 a5 20. Rad1 a4 21. f4 axb3 22. axb3 Qe7 23. Qe3 Ra8 24. Ra1 Rfb8 25.
g3 g6 26. Rfb1 Bc6 27. Kf2 Kf7 28. Kg1 Rd8 29. Nf3 Kg7 30. Rd1 h6 31. b4 cxb4 32.
Nd4 Ba4 33. cxb4 Bxd1 34. Rxd1 Qd7 35. Rc1 Ra2 36. Rc6 Re8 37. Qc3 Ra7 38. Nb5 Rb7 39. Nd4 Kf7 40. b5 Ra7 41. Kf2 Rea8 42. Kg2 Ra2+ 43.
Kh3 R8a7 44. Nxe6 Re2 45. f5 gxf5 46. Nf4 Raa2 47. e6+ Kg8 48. Nxe2 Qe8 49. Nf4 Ra3 50. Qxa3 1-0

[Event "*** Titled Tuesday 3|2 Blitz"]
[Site "Chess.com"]
[Date "2017.03.07"]
[Round "10"]
[White "jk13"]
[Black "StellarChessPro"]
[Result "1-0"]
[WhiteElo "2498"]
[BlackElo "2348"]
[TimeControl "180+2"]
[EndTime "15:23:32 PST"]
[Termination "jk13 won by resignation"]

1. d4 d5 2. Bf4 Nd7 3. e3 Ngf6 4.
Nf3 g6 5. h3 Bg7 6. Be2 c5 7. c3 cxd4 8. exd4 O-O 9. O-O Ne4 10.
Nbd2 Nxd2 11. Qxd2 a5 12. a4 b6 13. Bh6 Nf6 14. Bxg7 Kxg7 15. Bd3 Ba6 16. Bxa6 Rxa6 17.
Qe2 Ra8 18. Rfe1 e6 19. Ne5 Nd7 20. f4 Nxe5 21. fxe5 f6 22. exf6+ Rxf6 23. Rf1 Rxf1+ 24. Rxf1 Qd6 25. Rf3 Rf8 26. Re3 Rf6 27. Re5 Qd7 28. b3 Qd6 29. Qe3 h6 30. Qe1 g5 31. Qe2 Kf7 32. Qd3 Kg7 33. Qe2 Kf7 34. Qa6 Rf5 35. Qb7+ Kg6 36. Re3 Rf6 37. Re5 Rf5 38. Rxf5 exf5 39.
Qc8 h5 40. Qe8+ Kh6 41. Qh8+ Kg6 42. Qg8+ Kf6 43. Qh7 Qg3 44. Qh6+ Ke7 45. Qxh5 Qe3+ 46. Kh2 Qf4+ 47. Kg1 Qe3+ 48. Kf1 Qc1+ 49. Kf2 Qf4+ 50. Qf3 Qh4+ 51. Ke2 Ke6 52. Qe3+ Kd7 53. Qe5 Qe4+ 54. Qxe4 dxe4 55. c4 f4 56. Kf2 e3+ 57. Kf3 Kd6 58.
g3 Ke6 59. gxf4 gxf4 60. h4 Kf5 61. d5 Ke5 62. h5 Kd4 63. d6 e2 64. Kxe2 1-0

[Event "*** Titled Tuesday 3|2 Blitz"]
[Site "Chess.com"]
[Date "2017.03.07"]
[Round "10"]
[White "Genghis_K"]
[Black "Hikaru"]
[Result "0-1"]
[WhiteElo "2716"]
[BlackElo "2916"]
[TimeControl "180+2"]
[EndTime "15:23:36 PST"]
[Termination "Hikaru won by resignation"]

1. e4 e5 2. Nf3 Nc6 3. Bb5 Nf6 4.
O-O Nxe4 5. Re1 Nd6 6. Nxe5 Be7 7. Bf1 Nf5 8. Nf3 O-O 9. d4 d5 10. c3 Bd6 11. Bd3 Re8 12. Rxe8+ Qxe8 13. Nbd2 g6 14.
Nf1 Ng7 15. Bg5 Be6 16. Ne3 Qd7 17. Qb3 Na5 18. Qb5 Qxb5 19. Bxb5 c6 20. Bd3 Ne8 21. Rd1 f6 22. Bh4 b5 23. Re1 Kf7 24. Bg3 Nc4 25.
b3 Nxe3 26. Rxe3 Bxg3 27. hxg3 a5 28. Re1 Nd6 29. Nd2 Bf5 30. Bxf5 Nxf5 31. Nf3 Nd6 32. Nd2 b4 33. c4 dxc4 34. Nxc4 Nxc4 35. bxc4 Re8 36. Kf1 Rd8 37. Rd1 Re8 38. Re1 c5 39. d5 a4 40. Rc1 Re4 41. Rc2 Ke7 42. f3 Re3 43. g4 Kd7 44. Kf2 Rd3 45. Ke2 Rd4 46. Rc1 Kd6 47. Ke3 Ke5 48. g3 g5 49. Rc2 h6 50. Rc1 f5 51. gxf5 Kxf5 52. g4+ Ke5 53. Rc2 Rf4 54. Ke2 Rf8 55. Ke3 Rb8 56. Rh2 Rb6 57. Rd2 Rf6 58. Rc2 Rf4 59.
Ke2 Rd4 60. Ke3 Kd6 61. Rh2 Rxc4 62. Rxh6+ Kxd5 63. Rg6 Rc3+ 64. Ke2 Ra3 65. Rxg5+ Kd4 66. Rg8 Rxa2+ 67. Kd1 b3 68. g5 Rg2 69. g6 b2 70.
Rb8 Kc3 0-1

[Event "*** Titled Tuesday 3|2 Blitz"]
[Site "Chess.com"]
[Date "2017.03.07"]
[Round "10"]
[White "VMikhalevski"]
[Black "igorkovalenko"]
[Result "0-1"]
[WhiteElo "2543"]
[BlackElo "2690"]
[TimeControl "180+2"]
[EndTime "15:23:37 PST"]
[Termination "igorkovalenko won on time"]

1. d4 Nf6 2. c4 e6 3. Nf3 b6 4. g3 Ba6 5. Qa4 Be7 6. Bg2 O-O 7.
O-O c6 8. Nbd2 d5 9. Ne5 b5 10. cxb5 Bxb5 11. Qd1 Nbd7 12. Ndf3 Rc8 13. b3 c5 14. Bb2 c4 15. Nxd7 Nxd7 16. bxc4 Bxc4 17. Qd2 Qb6 18. Bc3 Qa6 19. Rfe1 Rc7 20. e3 Rfc8 21. Bb4 Bxb4 22. Qxb4 Rb7 23. Qd2 h6 24. Rec1 Rcb8 25.
h3 Qa4 26. Ne1 Rb2 27. Qc3 Nf6 28. Bf3 a5 29. Bd1 Qb4 30. a3 Qxc3 31. Rxc3 Ne4 32. Rc2 Rb1 33. Rc1 Rxa1 34. Rxa1 Rb2 35. Bc2 Nc3 36. Kg2 Kf8 37. g4 Ke7 38. h4 f6 39.
h5 Kd6 40. Bd3 Ne4 41. Bc2 Be2 42.
f3 Nd2 43. Kg3 Bxf3 44. Nxf3 Nxf3 45. Kxf3 Rxc2 46. Rb1 Rc3 47. a4 Rc4 48. Rb6+ Ke7 49. Rb7+ Kf8 50. Rb8+ Kf7 51. Rb7+ Kg8 52. Rb8+ Kh7 53.
Re8 Rxa4 54. Rxe6 Rb4 55. Ra6 Rb5 56. Ra8 g5 57. Ra7+ Kg8 58. Ra6 Kf7 59. Ra7+ Ke6 60. Ra6+ Ke7 61. Kf2 Rb2+ 62. Kf3 Ra2 63. Ra7+ Ke8 64.
Rb7 Ra1 65. Rb5 a4 66. Rxd5 a3 67. Ra5 a2 68. Kg2 Kd7 69. Ra6 Kc7 70. Kh2 Kb7 71.
Ra3 Kb6 72. e4 Kb5 0-1

[Event "*** Titled Tuesday 3|2 Blitz"]
[Site "Chess.com"]
[Date "2017.03.07"]
[Round "10"]
[White "popov_m"]
[Black "Incognito_Knight"]
[Result "1/2-1/2"]
[WhiteElo "2416"]
[BlackElo "2424"]
[TimeControl "180+2"]
[EndTime "15:23:49 PST"]
[Termination "Game drawn by repetition"]

1. d4 d5 2. Bf4 Nf6 3. e3 c5 4. c3 Nc6 5. Nd2 Qb6 6. Qb3 c4 7.
Qxb6 axb6 8. a3 e6 9. h3 Kd7 10. Ngf3 Bd6 11. Bxd6 Kxd6 12. e4 Nd7 13. Be2 b5 14.
O-O f6 15. Rfe1 Nb6 16. Bf1 Bd7 17. e5+ Kc7 18. exf6 gxf6 19. g3 Kd6 20. Bg2 Be8 21. Re3 Na4 22. Ra2 Bg6 23. Ne1 Na5 24. Bf1 Nb3 25.
Nxb3 cxb3 26. Ra1 Ra5 27. Re2 Rc8 28. Rd2 Nb6 29. Rc1 b4 30. axb4 Ra2 31. Bd3 Rca8 32. Bxg6 hxg6 33. Nd3 Nc4 34. Re2 Ra1 35. Rxa1 Rxa1+ 36. Kg2 b6 37. Nf4 e5 38. dxe5+ fxe5 39. Nxg6 Rb1 40. h4 Rxb2 41. Re1 Rc2 42. h5 b2 43. h6 Rc1 44. h7 Rxe1 45. h8=Q Rg1+ 46. Kf3 Nd2+ 47.
Ke2 b1=Q 48. Qf8+ Kc6 49. Qe8+ Kb7 50. Qd7+ Ka6 51. Qa4+ Kb7 52. Qd7+ Ka6 53. Qa4+ Kb7 54.
Qd7+ Kb8 55. Qd8+ Kb7 56. Qd7+ Ka6 1/2-1/2

[Event "*** Titled Tuesday 3|2 Blitz"]
[Site "Chess.com"]
[Date "2017.03.07"]
[Round "10"]
[White "ER404"]
[Black "Grebeniuk-S"]
[Result "0-1"]
[WhiteElo "2235"]
[BlackElo "2444"]
[TimeControl "180+2"]
[EndTime "15:23:59 PST"]
[Termination "Grebeniuk-S won by checkmate"]

1. e4 d5 2. exd5 Qxd5 3. Nf3 Nf6 4. d4 Bg4 5. Be2 Nc6 6. c4 Qd7 7. Nc3 e6 8. Be3 Bd6 9. h3 Bh5 10. g4 Bg6 11. c5 Be7 12. Bb5 O-O 13. Ne5 Qc8 14.
Bxc6 bxc6 15. Nxc6 Qd7 16. Qf3 a5 17. O-O Ra6 18.
Ne5 Qc8 19. Rfd1 a4 20. d5 exd5 21. Nxd5 Nxd5 22. Qxd5 Re6 23. Nxg6 Rxg6 24. Qd7 h5 25. Qxe7 hxg4 26. h4 g3 27. Qd7 gxf2+ 28. Kxf2 Qb7 29.
Qd5 Qxb2+ 30. Qd2 Qf6+ 31. Ke1 Re8 32. Rac1 Rg1+ 33. Ke2 Rg2+ 34. Kd3 Qf5+ 35. Kc3 Rxd2 36. Bxd2 Qxc5+ 37. Kb2 a3+ 38. Ka1 Qb6 39. Bc3 Rb8 40. Rb1 Qa7 41. Rb3 Rxb3 42. axb3 Qe3 43. Bd4 Qxb3 44. Rg1 g6 45. h5 Qd3 46. Bf6 Qf5 47. Bd4 Qxh5 48. Rb1 f6 49. Bxf6 Qd5 50. Rg1 Kf7 51.
Bc3 c5 52. Rg3 g5 53. Rg1 Kg6 54. Kb1 Qd3+ 55. Ka2 Qxc3 56. Rg2 c4 57. Rg1 Qb3+ 58. Ka1 Qb2# 0-1

[Event "*** Titled Tuesday 3|2 Blitz"]
[Site "Chess.com"]
[Date "2017.03.07"]
[Round "10"]
[White "VeraNebolsina"]
[Black "Robin-Side"]
[Result "1/2-1/2"]
[WhiteElo "1926"]
[BlackElo "2418"]
[TimeControl "180+2"]
[EndTime "15:24:09 PST"]
[Termination "Game drawn - insufficient material"]

1. e4 g6 2. d4 Bg7 3. c3 e6 4.
Bd3 Ne7 5. f4 d5 6. e5 c5 7. Nf3 cxd4 8. Nxd4 Nbc6 9. Be3 Nxd4 10.
Bxd4 Nc6 11. Bc2 O-O 12. O-O Nxd4 13. Qxd4 f6 14. Nd2 Bd7 15. Rae1 fxe5 16. fxe5 Rxf1+ 17. Rxf1 Bb5 18. Rf2 Qc7 19. Nf3 Rf8 20. Qg4 Bd7 21. Qd4 a6 22. h4 Be8 23. Qg4 Qf7 24. Qg3 Qf4 25. Qxf4 Rxf4 26. g3 Rf8 27. Bb3 Bc6 28. Bc2 Bb5 29. Kg2 Bc6 30. g4 Rf7 31. Kg3 Bf8 32. Ng5 Rxf2 33. Kxf2 Bd7 34. Ke3 Be7 35. Kd4 Kg7 36. Nf3 h6 37. Bb3 Kf7 38. c4 dxc4 39.
Bxc4 Bc6 40. Be2 Bxf3 41. Bxf3 Bxh4 42. Bxb7 Bf2+ 43. Kc4 a5 44. Kb5 Be1 45. a3 h5 46.
gxh5 gxh5 47. b4 axb4 48. axb4 Bc3 49. Bg2 Bxe5 50. Kc6 Kf6 51. b5 Kg5 52. Kd7 Kf6 53.
b6 h4 54. b7 Kg5 55. Kxe6 Kf4 56. Bh3 Bb8 57. Kd5 Kg3 58. Bd7 Kf2 59. Kc6 Kf3 60. Bc8 h3 61. Bxh3 Ke4 62. Kd7 Kd5 63.
Kc8 Bh2 64. b8=Q Bxb8 65. Kxb8 1/2-1/2

[Event "*** Titled Tuesday 3|2 Blitz"]
[Site "Chess.com"]
[Date "2017.03.07"]
[Round "10"]
[White "GeorgMeier"]
[Black "GMHess"]
[Result "1-0"]
[WhiteElo "2724"]
[BlackElo "2595"]
[TimeControl "180+2"]
[EndTime "15:24:16 PST"]
[Termination "GeorgMeier won by resignation"]

1. Nf3 d5 2. g3 Nf6 3. Bg2 c6 4. O-O Bf5 5. c4 e6 6. cxd5 cxd5 7.
Qb3 Qb6 8. Qxb6 axb6 9. Nc3 Nc6 10. d3 Bc5 11. Nh4 Bg6 12. Bd2 Ke7 13. h3 Rhc8 14.
Rfc1 Ra6 15. Be1 Rca8 16. a3 Nd4 17. Nxg6+ hxg6 18. Rab1 Nb3 19. Rd1 g5 20. e3 Kd7 21.
d4 Bd6 22. Bf1 R6a7 23. g4 Rh8 24. Nb5 Raa8 25. Nxd6 Kxd6 26. Bb4+ Kc6 27. Rd3 Na5 28. Rc3+ Kd7 29. Kg2 Ne4 30. Rc2 Nc6 31. Be1 Rh6 32. f3 Nd6 33. Bg3 Rah8 34. Kf2 b5 35. b3 b4 36. a4 f5 37. Rbc1 fxg4 38. hxg4 Rf8 39. Kg2 Rhf6 40. Be2 Rc8 41. Bd3 Rff8 42. Be1 Nf7 43. Bb5 Nd6 44. Bxc6+ Rxc6 45. Bxb4 Rfc8 46.
Rxc6 bxc6 47. Bc5 Rb8 48. Rc3 Nf7 49. a5 Ra8 50. b4 e5 51. Rc1 exd4 52. Bxd4 Rb8 53.
Bc3 Nd6 54. Rh1 Nc4 55. Kf2 c5 56. bxc5 Rb3 57. Bd4 Ra3 58. Rh7 Ra2+ 59. Kg3 Nd2 60. Rxg7+ Kc6 61. Rxg5 Nf1+ 62. Kf4 Rxa5 63. Rg6+ Kb5 64. c6 Ra8 65. c7 Rc8 66. Rb6+ Ka5 67. Rb7 Ka6 68. Ra7+ Kb5 69. Be5 Nd2 70. Rb7+ Kc6 71. Rb8 Kd7 72. Rxc8 Kxc8 73. g5 Nc4 74. g6 1-0

[Event "*** Titled Tuesday 3|2 Blitz"]
[Site "Chess.com"]
[Date "2017.03.07"]
[Round "10"]
[White "Rock700chess"]
[Black "mwpchess"]
[Result "1/2-1/2"]
[WhiteElo "2243"]
[BlackElo "2370"]
[TimeControl "180+2"]
[EndTime "15:24:19 PST"]
[Termination "Game drawn by repetition"]

1. e4 c6 2. d4 d5 3. Nc3 dxe4 4. Nxe4 Bf5 5. Ng3 Bg6 6. h4 h6 7. Nf3 Nd7 8. Bc4 e6 9. O-O Ngf6 10.
Qe2 Qa5 11. Re1 O-O-O 12. Bf4 Nd5 13. Bd2 Bb4 14. c3 Bd6 15. Ne4 Bxe4 16. Qxe4 N7f6 17. Qe2 Nf4 18. Bxf4 Bxf4 19. b4 Qf5 20. a4 Nd5 21. Bxd5 cxd5 22. Qb5 g5 23. a5 a6 24. Qe2 gxh4 25. Nxh4 Qg5 26. g3 Rhg8 27. Ng2 Bc7 28. b5 Rd6 29. b6 Bb8 30. Rad1 Rc6 31. Qf3 Rg7 32. c4 Rxc4 33. Rxe6 fxe6 34. Qf8+ Kd7 35.
Qxb8 Ke7 36. Qxb7+ Kf6 37. Qxa6 Rc1 38. Qe2 Rxd1+ 39.
Qxd1 Qf5 40. a6 Rg8 41. Nh4 Qh3 42. Qf3+ Ke7 43. Qg2 Qg4 44. Qf3 Qxh4 45. a7 Qxd4 46. Qa3+ Kf7 47. a8=Q Rxa8 48. Qxa8 Qxb6 49. Qa3 Qb1+ 50.
Kg2 Qe4+ 51. Kg1 Kg6 52. Qf8 h5 53. Qg8+ Kf6 54. Qf8+ Ke5 55. Qg7+ Kd6 56. Qf8+ Kc6 57.
Qe8+ Kd6 58. Qf8+ Kc6 59. Qe8+ Kd6 60. Qf8+ 1/2-1/2

[Event "*** Titled Tuesday 3|2 Blitz"]
[Site "Chess.com"]
[Date "2017.03.07"]
[Round "10"]
[White "platy3"]
[Black "Izoria123"]
[Result "1-0"]
[WhiteElo "2613"]
[BlackElo "2575"]
[TimeControl "180+2"]
[EndTime "15:24:40 PST"]
[Termination "platy3 won by resignation"]

1. e4 c5 2. Nf3 d6 3. d4 cxd4 4.
Nxd4 Nf6 5. Nc3 g6 6. Be3 Bg7 7. f3 O-O 8. Qd2 Nc6 9. O-O-O d5 10. Qe1 e6 11. h4 Bd7 12. g4 dxe4 13. Nxc6 bxc6 14. fxe4 Nxg4 15. Bc5 Re8 16. Qg3 Ne5 17. h5 Qa5 18. Bd6 Rad8 19. hxg6 fxg6 20. Qh4 h5 21. Be2 Nf7 22. Be7 Rb8 23. Rxd7 Rxb2 24. Bf6 Qa3 25. Bxg7 Rb7+ 26. Kd2 Rxd7+ 27. Bd3 Kxg7 28.
Rf1 Qe7 29. Qf2 Ne5 30. Qg3 Nf7 31. e5 Qg5+ 32. Qxg5 Nxg5 33. Rf6 Kh7 34. Ke3 Rg8 35. Rf1 Rf7 36. Rg1 Kh6 37. Ne2 Rf3+ 38. Kd4 Rd8+ 39. Kc5 Rd5+ 40. Kxc6 Rxe5 41. Nd4 Rd5 42. Nxf3 Nxf3 43.
Rxg6+ Kh7 44. Rg3+ Rxd3 45. cxd3 Nd4+ 46. Kc5 Nf5 47. Rg1 h4 48. d4 Kh6 49. Re1 Ng7 50. Kd6 Kg5 51. Rg1+ Kf6 52. Rf1+ Nf5+ 53. Kd7 Kg5 54.
Rd1 Kf6 55. Rf1 Kg5 56. Rd1 Kf6 57. a4 a5 58. Kc6 h3 59. Rh1 Nxd4+ 60. Kb6 e5 61.
Kxa5 e4 62. Rxh3 Ke5 63. Kb6 Nf5 64. a5 Nd6 65. a6 Kd5 66. Rh5+ Kd4 67. Kc7 Ne8+ 68.
Kb8 e3 69. a7 e2 70. Rh1 Nc7 71. Kxc7 1-0

[Event "*** Titled Tuesday 3|2 Blitz"]
[Site "Chess.com"]
[Date "2017.03.07"]
[Round "10"]
[White "chito89"]
[Black "Beca95"]
[Result "1-0"]
[WhiteElo "2565"]
[BlackElo "2679"]
[TimeControl "180+2"]
[EndTime "15:26:54 PST"]
[Termination "chito89 won on time"]

1. e4 c5 2. Nc3 Nc6 3. Bb5 g6 4. f4 Bg7 5. Nf3 d6 6. d3 Bd7 7. a4 e6 8. e5 dxe5 9. Ne4 a6 10. Nd6+ Ke7 11. Bxc6 Bxc6 12. fxe5 Bxe5 13. Nxf7 Kxf7 14. Nxe5+ Kg7 15. Qe2 Nf6 16. Nxc6 bxc6 17. Bd2 Qd5 18. Bc3 e5 19. O-O Rae8 20. Rae1 Nd7 21. Qe3 Rhf8 22.
Rxf8 Kxf8 23. Qh6+ Kg8 24. h3 c4 25. dxc4 Qxc4 26.
Rd1 Qe6 27. Re1 Qd5 28. Kh1 Nf6 29. Qe3 c5 30. Qe2 Nh5 31. Kh2 Nf4 32. Qe4 Qxe4 33. Rxe4 Nd5 34. Rxe5 Rxe5 35. Bxe5 Nb4 36. Bd6 Nxc2 37.
Bxc5 Kf7 38. Kg3 Ke6 39. Kf4 Kd5 40. Bf2 Nb4 41. Kg5 Nd3 42. Bb6 Nxb2 43. a5 Nc4 44. Bd8 Ne3 45. g4 Ke6 46. Kh6 Kf7 47. Kxh7 Nc4 48.
Bc7 Ne3 49. Kh6 Nd5 50. Be5 Ke6 51. Bg3 Kf7 52. Be5 Ne3 53. Bf4 Nd5 54. Bd2 Nf6 55.
Bc3 Ne4 56. Be1 Kf6 57. h4 Kf7 58. g5 Nd6 59. Kh7 Ne4 60. Bb4 Ng3 61. Bd6 Nf5 62. h5 gxh5 63. g6+ Kf6 64. Bg3 Ke6 65. Be1 Kf6 66. Bc3+ Ke6 67. Be1 Kf6 68. Bh4+ Ke6 69. Bg5 Kd5 70. Kg8 Ke6 71. Kf8 Kd5 72. Kf7 Ke5 73.
Bf6+ Kd5 74. Bd8 h4 75. Kf6 h3 76. Bc7 Nh6 77. g7 Kc6 78. Bf4 Kb5 79. Kg6 Ng8 80. Kf7 Nh6+ 81. Kg6 Ng8 82. Bc7 Kc6 83. Bh2 Kd7 84.
Kf7 Nh6+ 85. Kf8 Kc6 86. Bf4 Kb5 87. Bxh6 h2 88. g8=Q h1=Q 89. Qb3+ Kc5 90. Qb6+ Kc4 91. Qxa6+ Kb4 92. Qb6+ Ka4 93. Qc6+ Kb3 94. Qxh1 1-0

[Event "*** Titled Tuesday 3|2 Blitz"]
[Site "Chess.com"]
[Date "2017.03.07"]
[Round "10"]
[White "ChristopherYoo"]
[Black "MatBobula"]
[Result "0-1"]
[WhiteElo "2151"]
[BlackElo "2281"]
[TimeControl "180+2"]
[EndTime "15:27:26 PST"]
[Termination "MatBobula won by resignation"]

1. e4 e6 2. d4 d5 3. Nc3 Bb4 4.
e5 c5 5. a3 Bxc3+ 6. bxc3 Ne7 7. Qg4 O-O 8. Nf3 Nbc6 9. Bd3 f5 10. Qh5 Qe8 11. Qxe8 Rxe8 12. h4 Bd7 13. h5 h6 14.
dxc5 Na5 15. Be3 Rac8 16. Rh4 Rf8 17. g3 Rc7 18. Rb1 a6 19. Rhb4 Bc8 20. Rb6 Nec6 21.
Nd4 Re8 22. Nxc6 Nxc6 23. f4 Nb8 24. Rd6 Nd7 25. Kd2 Nxc5 26. Bxc5 Rxc5 27. a4 Rc7 28.
Rbb6 Kf7 29. Rb4 Ke7 30. Rbb6 Bd7 31. a5 Rec8 32. Rb3 Bc6 33. Ke3 Rd7 34. Rxd7+ Kxd7 35. Kd4 g6 36. hxg6 Rg8 37. g4 fxg4 38. f5 exf5 39. Bxf5+ Ke7 40. Rb1 h5 41. Rh1 Bd7 42. Rxh5 Bxf5 43.
Rxf5 Rxg6 44. Kxd5 g3 45. Rf1 g2 46. Rg1 Rg5 47.
Ke4 Ke6 48. Kf4 Rf5+ 49. Kg4 Rf2 50. Kg3 Rxc2 51. Re1 Re2 52. Rb1 Kxe5 53. Kh2 Kd5 54. Rxb7 Kc4 55. Rc7+ Kb5 56. Rg7 Kxa5 57. Rg5+ Kb6 58.
c4 a5 59. Rb5+ Ka6 60. Rb8 Rc2 61. Ra8+ Kb6 62. Rb8+ Ka7 63. Rb5 Ka6 64. Rc5 a4 65. Rc8 Ka5 66. c5 Kb5 67. c6 Rxc6 68. Rb8+ Rb6 69. Ra8 Rg6 70. Kg1 Kb4 71. Rb8+ Ka3 72. Rd8 Ka2 73. Rd1 a3 74. Rd2+ Kb3 75. Rd3+ Kb2 76.
Rd2+ Kc3 77. Rd7 a2 78. Ra7 Kb2 79. Rb7+ Ka1 80. Ra7 Rg4 81. Rb7 Rg3 82. Rb4 Rc3 83. Kxg2 Rc2+ 84. Kf3 Rb2 85. Rh4 Kb1 86. Rh1+ Kc2 87.
Ke3 Rb1 88. Rh2+ Kb3 89. Rh8 a1=Q 90. Rb8+ Kc4 91. Rc8+ Kd5 92. Rd8+ Ke6 93. Re8+ Kd7 94. Re4 Re1+ 95. Kf4 Qf6+ 0-1

[Event "*** Titled Tuesday 3|2 Blitz"]
[Site "Chess.com"]
[Date "2017.03.07"]
[Round "10"]
[White "Alex_Molchanov"]
[Black "SCIM"]
[Result "1/2-1/2"]
[WhiteElo "2463"]
[BlackElo "2321"]
[TimeControl "180+2"]
[EndTime "15:27:42 PST"]
[Termination "Game drawn - insufficient material"]

1. c4 g6 2. Nc3 c5 3. g3 Nc6 4.
Bg2 Bg7 5. e3 e6 6. Nge2 Nge7 7.
O-O O-O 8. Nf4 b6 9. Nb5 d5 10. d3 Bb7 11. Rb1 a6 12. Na3 dxc4 13. Nxc4 b5 14.
Nd2 e5 15. Ne2 Qxd3 16. Be4 Qd7 17. Nb3 Qxd1 18. Rxd1 c4 19. Nc5 Bc8 20. Rd6 Bf5 21. Bxc6 Bxb1 22. Bxa8 Rxa8 23. Nc3 b4 24. Nxb1 a5 25. Nb7 e4 26. Rd8+ Rxd8 27. Nxd8 Nd5 28. Nc6 a4 29. Kf1 f5 30. Ke2 h5 31. Na5 c3 32. bxc3 Bxc3 33. Bd2 Bxd2 34. Kxd2 Kf7 35. a3 bxa3 36. Nxa3 Kf6 37. N5c4 Kg5 38. h4+ Kg4 39. Ne5+ Kh3 40. Nxg6 Nf6 41. Ne7 Kg2 42. Ke2 Ng4 43. Nxf5 Nxf2 44. Nc4 Nd3 45. Ng7 Kxg3 46. Nxh5+ Kxh4 47.
Nf6 Nc5 48. Kd2 Kg3 49. Kc3 Kf3 50. Kb4 Nd3+ 51. Kxa4 Nb2+ 52. Nxb2 Kxe3 53. Kb3 Kd4 54. Kc2 e3 55. Nd3 e2 56. Ne1 Ke3 57. Nd5+ Kf2 58.
Kd2 Kg3 59. Ke3 Kg4 60. Nc3 Kf5 61. Ne4 Ke5 62. Nf2 Kd5 63. Nfd3 Kc6 64. Kd4 Kd6 65. Nc5 Kc6 66. Kc4 Kd6 67. Kd4 Kc6 68. Ne4 Kd7 69. Kd5 Ke7 70. Ke5 Kd7 71. Nd6 Ke7 72. Nf5+ Kd7 73. Kd5 Kc7 74. Ke6 Kc6 75. Ke5 Kc5 76. Nd4 Kc4 77. Ke4 Kc3 78. Ndf3 Kc4 79. Ke5 Kc5 80. Nd2 Kc6 81. Nd3 Kb5 82. Kd5 Kb6 83. Nc4+ Kb5 84. Nce5 e1=Q 85. Nxe1 Kb4 86. Kd4 Kb5 87. Nc4 Kb4 88. Nd3+ Kb5 89. Nd6+ Kc6 90. Ne4 Kb5 91. Kd5 Kb6 92. Nec5 Kb5 93. Ne5 Kb4 94. Kd4 Kb5 95. Ncd3 Kb6 96. Nf4 Kc7 97. Kc5 Kb7 98.
Nd5 Kc8 99. Kd6 Kb7 100. Nc6 Ka6 101. Nc3 Kb6 102. Kd5 Kc7 103. Nb5+ Kb6 104. Nbd4 Kc7 105. Ke6 Kb6 106. Kd6 Kb7 107. Na5+ Kb6 108. Nab3 Kb7 109. Nc5+ Kb6 110. Kd5 Kc7 111. Na4 Kd7 112. Nb6+ Kc7 113. Na8+ Kb7 114. Nc6 Kxa8 1/2-1/2

[Event "*** Titled Tuesday 3|2 Blitz"]
[Site "Chess.com"]
[Date "2017.03.07"]
[Round "10"]
[White "DryCounty"]
[Black "macko06"]
[Result "1/2-1/2"]
[WhiteElo "2504"]
[BlackElo "2359"]
[TimeControl "180+2"]
[EndTime "15:29:00 PST"]
[Termination "Game drawn by 50-move rule"]

1. e4 e5 2. Nf3 Nc6 3. d4 exd4 4.
Bc4 Nf6 5. e5 d5 6. Bb5 Ne4 7.
Nxd4 Bd7 8. Bxc6 bxc6 9. O-O Be7 10. f3 Nc5 11. f4 O-O 12. f5 Ne4 13. Nd2 c5 14.
Nxe4 cxd4 15. Ng3 c5 16. f6 gxf6 17. Bh6 fxe5 18. Nf5 Bxf5 19. Rxf5 Qd6 20. Qg4+ Qg6 21. Qxg6+ hxg6 22. Bxf8 Bxf8 23. Rxe5 Rd8 24. Rae1 Kg7 25. Re8 Rd6 26. Rc8 Ra6 27. a3 c4 28. Re5 c3 29. bxc3 dxc3 30. Rxc3 d4 31. Rd3 Bxa3 32. Rb5 Ra4 33. Kf2 Bc1 34. Kf3 Rc4 35. Ra5 Be3 36. Ra2 a5 37. Ke4 a4 38. Kd5 Rc8 39.
Rda3 Rh8 40. h3 Rh5+ 41. Ke4 Rg5 42. g4 f5+ 43. Kf3 fxg4+ 44. hxg4 Rc5 45. Rxa4 Kh6 46. Ra5 Rc8 47. Ra1 Rf8+ 48. Ke2 Rf2+ 49. Kd3 Rd2+ 50. Ke4 Rxc2 51. Rh1+ Kg7 52. Ra7+ Kf6 53. Rf1+ Kg5 54. Kf3 Rc5 55. Rd7 Re5 56. Rb1 Ra5 57. Rdb7 Kh6 58. Ke4 Ra8 59. R1b5 Re8+ 60. Kd3 Rf8 61. Rd7 Rf4 62. g5+ Kh5 63. Rh7+ Kg4 64. Rh6 Rf5 65. Rb6 Rxg5 66. Rhxg6 Rxg6 67. Rxg6+ Kf5 68. Rg8 Kf4 69. Rf8+ Kg3 70. Ke4 Kg2 71. Rf5 Kh1 72. Kf3 Bg1 73. Rh5+ Bh2 74. Kf2 d3 75. Ra5 Bg1+ 76. Kg3 Bh2+ 77. Kh3 d2 78. Ra1+ Bg1 79.
Kg4 d1=Q+ 80. Rxd1 Kg2 81. Rd2+ Kh1 82. Kh3 Be3 83. Rd3 Bb6 84. Rb3 Bc5 85. Kg3 Ba7 86. Rb2 Bc5 87. Rd2 Bb6 88. Rd7 Bc5 89. Rd8 Bb6 90. Rd5 Ba7 91. Rh5+ Kg1 92. Rb5 Kh1 93. Ra5 Bb8+ 94. Kh3 Bh2 95. Ra2 Bg1 96. Re2 Bb6 97.
Kg3 Bc7+ 98. Kf2 Bb6+ 99. Kf1 Bc7 100. Re4 Bb8 101. Re7 Bd6 102. Rg7 Be5 103. Rg6 Bb8 104. Kf2 Bc7 105. Kf3 Bb8 106. Rh6+ Kg1 107. Rb6 Bc7 108. Rb1+ Kh2 109. Kf2 Bg3+ 110. Kf3 Bc7 111. Rc1 Bb6 112. Rc2+ Kh1 113. Kg3 Ba7 114. Rb2 Bc5 115. Rb1+ Bg1 116. Kf3 Kh2 117. Rb2+ Kh1 118. Rb1 Kh2 119. Rb5 Kh1 120. Kg3 Bh2+ 121. Kf2 Bg1+ 122. Kf1 Bh2 123. Rb3 Bd6 124. Rf3 Bc7 125. Rf5 Bd6 126. Rd5 Bc7 127. Kf2 Bb6+ 128. Kg3 Bc7+ 129. Kh3 Bb6 130. Rg5 Ba7 131. Rf5 Bb6 132. Rb5 Ba7 133. Rb1+ Bg1 134. Rb3 1/2-1/2

[Event "*** Titled Tuesday 3|2 Blitz"]
[Site "Chess.com"]
[Date "2017.03.07"]
[Round "11"]
[White "Rock700chess"]
[Black "saraswathii"]
[Result "0-1"]
[WhiteElo "2227"]
[BlackElo "2165"]
[TimeControl "180+2"]
[EndTime "15:31:03 PST"]
[Termination "saraswathii won by resignation"]

1. e4 c5 2. d4 cxd4 3. c3 dxc3 4.
Nxc3 Nc6 5. Nf3 e6 6. Bc4 Nf6 7. O-O Bc5 8. Qe2 Qc7 9. Rd1 Ng4 10. Nb5 Qb8 11. h3 Nxf2 0-1

[Event "*** Titled Tuesday 3|2 Blitz"]
[Site "Chess.com"]
[Date "2017.03.07"]
[Round "11"]
[White "jcgs1030"]
[Black "Chesstrainer1"]
[Result "0-1"]
[WhiteElo "2270"]
[BlackElo "2342"]
[TimeControl "180+2"]
[EndTime "15:31:34 PST"]
[Termination "Chesstrainer1 won by resignation"]

1. e4 c5 2. Nc3 g6 3. f4 Bg7 4.
Nf3 e6 5. a3 Nc6 6. Bc4 Nge7 7.
O-O d5 8. exd5 exd5 9. Bb5 O-O 10. d3 Nd4 11. Nxd4 cxd4 12. Ne2 Qa5 13. a4 a6 14. b4 Qb6 15. f5 Nxf5 16. Nf4 axb5 17. Nxd5 Qd6 0-1

[Event "*** Titled Tuesday 3|2 Blitz"]
[Site "Chess.com"]
[Date "2017.03.07"]
[Round "11"]
[White "quesfr"]
[Black "Marreuh"]
[Result "1-0"]
[WhiteElo "2166"]
[BlackElo "2095"]
[TimeControl "180+2"]
[EndTime "15:33:06 PST"]
[Termination "quesfr won by resignation"]

1. e4 c5 2. c3 Nf6 3. e5 Nd5 4.
Nf3 e6 5. g3 d6 6. exd6 Bxd6 7.
Bg2 O-O 8. O-O Nc6 9. d4 cxd4 10.
Nxd4 Nxd4 11. Qxd4 Be7 12. c4 Nb4 13. Qxd8 Rxd8 14.
Nc3 Rb8 15. Be3 b6 16. Bf4 Bd6 17. Rad1 e5 18. Bxe5 Bg4 19. Rxd6 Rxd6 20. Bxd6 1-0

[Event "*** Titled Tuesday 3|2 Blitz"]
[Site "Chess.com"]
[Date "2017.03.07"]
[Round "11"]
[White "HouseOfDurin"]
[Black "Shivagami"]
[Result "1-0"]
[WhiteElo "1859"]
[BlackElo "1938"]
[TimeControl "180+2"]
[EndTime "15:34:02 PST"]
[Termination "HouseOfDurin won by checkmate"]

1. d4 Nf6 2. Bg5 Ne4 3. h4 Nxg5 4. hxg5 g6 5. Nf3 Bg7 6. e3 c5 7. c3 O-O 8. Nbd2 Nc6 9. d5 Ne5 10. Nxe5 Bxe5 11. Qg4 f6 12. f4 fxg5 13. fxe5 e6 14.
dxe6 dxe6 15. O-O-O Qc7 16. Nf3 a6 17. Qxg5 Rf5 18.
Rd8+ Kg7 19. Qh6+ Kf7 20. Qxh7# 1-0